 Dungeon Crawl Stone Soup version 0.27-a0-1312-g5cdb2b3542 (webtiles) character file.

Game seed: 9848842671626608779

26 Johnny the Digger (level 2, -5/16 HPs)
             Began as a Deep Elf Earth Elementalist on June 19, 2021.
             Slain by an iguana (13 damage)
             ... on level 2 of the Dungeon.
             The game lasted 00:01:28 (1376 turns).

Johnny the Digger (Deep Elf Earth Elementalist)     Turns: 1376, Time: 00:01:28

Health: -5/16      AC:  2    Str:  5    XL:     2   Next: 89%
Magic:  6/8        EV: 12    Int: 19    God:
Gold:   61         SH:  0    Dex: 15    Spells: 7/8 levels left

rFire    . . .     SeeInvis .   a - +0 short sword
rCold    . . .     Faith    .   (no shield)
rNeg     . . .     Spirit   .   b - +0 robe
rPois    .         Reflect  .   (no helmet)
rElec    .         Harm     .   (no cloak)
rCorr    .         Rampage  .   (no gloves)
Will     .....                  (no boots)
Stlth    ++........             (no amulet)
HPRegen  0.05/turn              (no ring)
MPRegen  0.11/turn              (no ring)

@: no status effects
A: no striking features
a: no special abilities


You were on level 2 of the Dungeon.
You visited 1 branch of the dungeon, and saw 2 of its levels.

You collected 61 gold pieces.

Inventory:

Hand Weapons
 a - a +0 short sword (weapon)
Missiles
 c - 55 stones
Armour
 b - a +0 robe (worn)
 g - a +0 pair of gloves
Jewellery
 e - a ring of fire
Scrolls
 f - a scroll of teleportation {unknown}


   Skills:
 * Level 1.4 Fighting
 - Level 2.4 Dodging
 - Level 2.4 Stealth
 + Level 3.5 Spellcasting
 - Level 1.1 Transmutations
 + Level 3.6 Earth Magic


You had 7 spell levels left.
You knew the following spells:

 Your Spells              Type           Power      Damage    Failure   Level
a - Sandblast             Erth           34%        2d9       3%          1

Your spell library contained the following spells:

 Spells                   Type           Power      Damage    Failure   Level
 Passwall                 Tmut/Erth      10%        N/A       9%          2
 Stone Arrow              Conj/Erth      20%        3d8       21%         3
 Petrify                  Tmut/Erth      12%        N/A       47%         4
 Lee's Rapid Deconstruct  Erth           8%         3d8*      65%         5


Dungeon Overview and Level Annotations

Branches:
Dungeon (2/15)

Altars:


Message History

You closely miss the iguana.
The iguana is moderately wounded.
The goblin hits you with a +0 club. The iguana closely misses you.
You hit the iguana.
The iguana is moderately wounded.
The goblin hits you with a +0 club. The iguana bites you!
* * * LOW HITPOINT WARNING * * *
You are too injured to fight recklessly!
You are too injured to fight recklessly!
You are too injured to fight recklessly!
You are too injured to fight recklessly!
You are too injured to fight recklessly!
You are too injured to fight recklessly!
You are too injured to fight recklessly!
Unknown command.
Press: ? - help, v - describe, . - travel
Here: an iguana (moderately wounded)
The floor.
The goblin misses you.
You see here a ball python corpse.
You see here a +0 hand axe.
It was a potion of heal wounds.
You feel much better. The iguana bites you.
Casting: Sandblast (safe; 3% risk of failure)
Confirm with . or Enter, or press ? or * to list all spells.
Aiming: Sandblast (safe; 3% risk of failure)
Press: ? - help, Shift-Dir - straight line, f - iguana
Aim: an iguana (moderately wounded, 82% to hit)
The blast of sand hits the iguana but does no damage.
The iguana is moderately wounded.
The iguana misses you. The worm bites you.
Casting: Sandblast (safe; 3% risk of failure)
Confirm with . or Enter, or press ? or * to list all spells.
Aiming: Sandblast (safe; 3% risk of failure)
Press: ? - help, Shift-Dir - straight line, f/p - iguana
Aim: an iguana (moderately wounded, 82% to hit)
The blast of sand hits the iguana but does no damage.
The iguana is moderately wounded.
The iguana bites you!
Ouch! That really hurt!
You die...

......##..##..#####......###..
......##..##..# ######.# ##
.......รท.....<# #.#
......#..#...##### #.#
......#.#....)...## ##.#
..>(..#....#......#####..#
.........######.#.......##
(........# #l#######.##
.........#### #.@w.......#####
............#
########.........
.........##.####
#####.##..###.
##.......##....###.g......##
#.......#####.....###.####
##.....................#
.........###############
##########


You could see a worm and an iguana.

Vanquished Creatures
  3 bats
  An endoplasm (D:1)
  A giant cockroach (D:2)
  2 goblins
  2 hobgoblins
  4 jackals (D:1)
  2 kobolds
  2 quokkas (D:1)
  2 ball pythons
  3 rats
22 creatures vanquished.

Notes
Turn   | Place    | Note
-------+----------+-------------------------------------------
     0 | D:1      | Johnny the Deep Elf Earth Elementalist began the quest for
                  | the Orb.
     0 | D:1      | Reached XP level 1. HP: 10/10 MP: 6/6
    61 | D:1      | Found a faded altar of an unknown god.
   182 | D:1      | Reached XP level 2. HP: 16/16 MP: 6/8
   273 | D:1      | Reached skill level 1 in Fighting
  1376 | D:2      | Slain by an iguana

Illustrated notes

Levels and vault maps discovered:
D:1:      kennysheep_arrival_forest, layout_rooms,
          hellmonk_ecumenical_altar_dog_temple
D:2:      layout_rooms, minmay_domino_4

Skill      XL: |  1  2 |
---------------+-------+-----
Fighting       | 1 |  1.4
Dodging        | |  2.4
Stealth        | |  2.4
Spellcasting   | |  3.5
Transmutations | |  1.1
Earth Magic    | |  3.6

Action                   || total
-------------------------++-------
Melee: Short sword       ||    65
 Cast: Sandblast         ||    13
  Use: Potion            ||     1
 Stab: Sleeping          ||     2
Armor: Robe              ||    14
Dodge: Dodged            ||    60

Table legend: (Time is in decaauts)
 A = Elapsed time spent in this place.
 B = Non-inter-level travel time spent in this place.
 C = Inter-level travel time spent in this place.
 D = Time resting spent in this place.
 E = Time spent auto-exploring this place.
 F = Levels seen in this place.
 G = Mean time per level.
                   A        B        C        D        E       F      G
               +--------+--------+--------+--------+--------+-----+--------+
         Total |   1382 |   1352 |     30 |     68 |   1028 |   2 |  691.0 |
       Dungeon |   1382 |   1352 |     30 |     68 |   1028 |   2 |  691.0 |
               +--------+--------+--------+--------+--------+-----+--------+

Top non-repeatable levels by time:
     D:1: 1019 daAuts
     D:2: 363 daAuts
